 Dungeon Crawl Stone Soup version 0.17-a0-1945-gfe993df (webtiles) character file.

62 esc the Insei (level 4, -1/29 HPs)
             Began as an Octopode Transmuter on Sept 30, 2015.
             Slain by a goblin
             ... wielding a +0 mace
              (4 damage)
             ... on level 2 of the Dungeon.
             The game lasted 00:01:45 (1497 turns).

esc the Insei (Octopode Transmuter)                 Turns: 1497, Time: 00:01:45

Health: -1/29      AC:  1    Str:  9    XL:     4   Next: 8%
Magic:  7/7        EV: 12    Int: 16    God:
Gold:   104        SH:  0    Dex: 12    Spells: 1 memorised, 7 levels left

rFire  . . .     SeeInvis .       - Unarmed
rCold  . . .     Clarity  .     (no shield)
rNeg   . . .     SustAt   .     (helmet restricted)
rPois  .         Gourm    .     (no amulet)
rElec  .         Spirit   .     (no ring)
rCorr  .         Warding  .     (no ring)
rMut   .         Stasis   .     (no ring)
MR     .....                    (no ring)
Stlth  ++........               (no ring)
                                (no ring)
                                (no ring)
                                (no ring)

@: not resistant to hostile enchantments, unstealthy
A: almost no armour, amphibious, 8 rings, constrict 8, camouflage 1, gelatinous
body 1
a: no special abilities


You were on level 2 of the Dungeon.
You were not hungry.

You visited 1 branch of the dungeon, and saw 2 of its levels.

You collected 104 gold pieces.

Inventory:

Missiles
 a - 29 arrows
Scrolls
 e - a scroll of teleportation
 f - a scroll of remove curse
Potions
 d - 3 potions of curing {unknown}
 g - a potion of ambrosia {unknown}
 i - a potion of poison {unknown}
Books
 b - a book of Changes
Comestibles
 c - 3 bread rations {@e1}


   Skills:
 + Level 2.1 Fighting
 + Level 2.4 Dodging
 + Level 3.5 Unarmed Combat
 + Level 2.5 Spellcasting
 + Level 2.2 Transmutations


You had 7 spell levels left.
You knew the following spells:

 Your Spells              Type           Power        Failure   Level  Hunger
a - Beastly Appendage     Trmt           #.....       10%         1    #......


Dungeon Overview and Level Annotations

Branches:
Dungeon (2/15)

Altars:

Annotations:
D:2 exclusion: Sigmund, Sigmund


Innate Abilities, Weirdness & Mutations

You cannot wear most types of armour.
You are amphibious.
You can wear up to eight rings at the same time.
You can use your tentacles to constrict eight enemies at once.
Your skin changes colour to match your surroundings (Stealth).
Your rubbery body absorbs attacks (AC +1).


Message History

The helpless rat fails to defend itself.
You tentacle-slap the rat. You grab the rat. You constrict the rat.
The rat closely misses you.
You tentacle-slap the rat.
You kill the rat!
An adder comes into view.
You miss the adder. Your grab misses the adder.
The adder bites you but does no damage.
You closely miss the adder. You grab the adder. You constrict the adder.
The adder closely misses you.
You tentacle-slap the adder. You squeeze the adder. You constrict the adder.
The adder closely misses you.
You tentacle-slap the adder.
You kill the adder!
Your Fighting skill increases to level 2!
No target in view!
A hobgoblin comes into view. It is wielding a club.
No target in view!
No target in view!
No target in view!
No target in view!
Found a stone staircase leading up.
The hobgoblin shouts!
Found an escape hatch in the floor.
You tentacle-slap the hobgoblin. You grab the hobgoblin.
You constrict the hobgoblin, but do no damage.
The hobgoblin barely misses you.
You tentacle-slap the hobgoblin.
You kill the hobgoblin!
No target in view!
Things that are here:
a club; a hobgoblin corpse You butcher the hobgoblin corpse.
h - 2 chunks of flesh {@w0} You see here a club.
Eating one of 2 chunks of flesh {@w0}.
You continue eating. x2
d - 3 golden potions (gained 1)
i - a scroll labeled ISTOON CIJEITH Read which item? (? for menu, Esc to quit)
As you read the scroll labeled ISTOON CIJEITH, it crumbles to dust.
It is a scroll of enchant weapon.
You aren't carrying any weapons that can be enchanted.
i - a sedimented black potion
There is a stone staircase leading down here.
Eating a chunk of flesh {@w0}.
You continue eating. x2
An adder comes into view.
The adder misses you.
You tentacle-slap the adder. Your grab misses the adder.
Your squeeze misses the adder. The adder barely misses you.
You barely miss the adder. You grab the adder. You constrict the adder.
The adder barely misses you.
You tentacle-slap the adder. You constrict the adder.
The adder closely misses you.
You tentacle-slap the adder. You constrict the adder. The adder bites you.
The adder bites you.
You take 7 damage, and have 12/24 hp.
MASSIVE DAMAGE!!
You tentacle-slap the adder.
You kill the adder!
You have reached level 4!
You regained 2 hp, and now have 14/29 hp.
MP restored: 7
h - a scroll labeled OFULAO SOIT Read which item? (? for menu, Esc to quit)
As you read the scroll labeled OFULAO SOIT, it crumbles to dust.
It is a scroll of recharging.
You aren't carrying any rechargeable items.
There is a stone staircase leading up here.
A goblin comes into view. It is wielding a dagger.
You regained 4 hp, and now have 18/29 hp.
A goblin comes into view. It is wielding a mace.
The goblin shouts!
An adder comes into view.
The goblin shouts!
The goblin closely misses you.
The goblin throws a stone.
The stone hits you.
The goblin unwields an uncursed dagger.
The goblin wields a hunting sling.
The goblin shoots a stone.
The stone closely misses you.
You see here a stone.
You take 1 damage, and have 17/29 hp.
The goblin throws a stone.
The stone barely misses you.
The goblin shoots a stone.
The stone hits you but does no damage.
The goblin throws a stone.
The stone closely misses you.
The goblin shoots a stone.
The stone hits you!
You take 7 damage, and have 10/29 hp.
MASSIVE DAMAGE!!
The goblin hits you with a mace.
You take 1 damage, and have 9/29 hp.
You tentacle-slap the goblin.
You kill the goblin!
The goblin misses you. The adder bites you.
* * * LOW HITPOINT WARNING * * *
You take 1 damage, and have 8/29 hp.
You completely miss the adder. You grab the adder. You constrict the adder.
The adder bites you.
* * * LOW HITPOINT WARNING * * *
The goblin hits you with a mace.
You die...

#....... #...... #......
..... #.# .... #.. ###..#
#.# #..gS# #.# #@# #.#
#(# #.####.## #.## ..
#...@...##..###..####....
#.###..........(.........
#.......##..#####.###....
#.###.#.#. ##..<.....
##........ ###..#######
...###.#.# #....#


You could see an adder and a goblin.

Vanquished Creatures
  5 adders (D:2)
  A giant gecko (D:2)
  3 goblins
  3 hobgoblins
  A giant newt (D:1)
  A kobold (D:1)
  3 rats
17 creatures vanquished.

Vanquished Creatures (others)
  5 toadstools (D:1)
5 creatures vanquished.

Grand Total: 22 creatures vanquished

Notes
Turn   | Place    | Note
--------------------------------------------------------------
     0 | D:1      | esc the Octopode Transmuter began the quest for the Orb.
     0 | D:1      | Reached XP level 1. HP: 13/13 MP: 3/3
   153 | D:1      | HP: 3/13 [hobgoblin (4)]
   727 | D:1      | Reached XP level 2. HP: 18/18 MP: 5/5
   864 | D:2      | Noticed Sigmund
   904 | D:2      | HP: 4/18 [poisoned by an adder]
  1073 | D:2      | Reached XP level 3. HP: 12/23 MP: 6/6
  1378 | D:2      | Reached skill level 2 in Fighting
  1442 | D:2      | Reached XP level 4. HP: 14/29 MP: 7/7
  1497 | D:2      | HP: 3/29 [adder (5)]
  1497 | D:2      | Slain by a goblin

Vault maps used:
D:1:      ldierk_walled_garden
D:2:      uniq_crazy_yiuf_cottage, uniq_sigmund

Action                   |  1- 3 |  4- 6 || total
-------------------------+-------+-------++-------
Melee: Unarmed           |    43 |     2 ||    45
  Use: Scroll            |     6 |     1 ||     7
 Stab: Sleeping          |     2 |       ||     2
  Eat: Chunk             |     2 |       ||     2

Vault maps used:
D:1:      ldierk_walled_garden
D:2:      uniq_crazy_yiuf_cottage, uniq_sigmund

Table legend:
 A = Turns spent in this place as a percentage of turns spent in the entire game.
 B = Non-inter-level travel turns spent in this place as a percentage of non-inter-level travel turns spent in the entire game.
 C = Inter-level travel turns spent in this place as a percentage of turns spent in this place.
 D = Turns resting spent in this place as a percentage of non-inter-level travel turns spent in this place.
 E = Turns spent auto-exploring this place as a percentage of non-inter-level travel turns spent in this place.
 F = Non-inter-level travel turns spent in this place divided by the number of levels of this place that you've seen.
                   A       B       C       D       E      F
               +-------+-------+-------+-------+-------+----------------------
         Total | 100.0 | 100.0 |   0.5 |   4.1 |  16.6 | 108.5
       Dungeon | 100.0 | 100.0 |   0.5 |   4.1 |  16.6 | 108.5
               +-------+-------+-------+-------+-------+----------------------

Table legend:
 A = Kills in this place as a percentage of kills in entire the game.
 B = Kills by you in this place as a percentage of kills by you in the entire game.
 C = Kills by friends in this place as a percentage of kills by friends in the entire game.
 D = Other kills in this place as a percentage of other kills in the entire game.
 E = Experience gained in this place as a percentage of experience gained in the entire game.
 F = Experience gained in this place divided by the number of levels of this place that you have seen.
                   A       B       C       D       E      F
               +-------+-------+-------+-------+-------+----------------------
         Total | 100.0 | 100.0 |  -nan |  -nan | 100.0 |  44.5
       Dungeon | 100.0 | 100.0 |  -nan |  -nan | 100.0 |  44.5
               +-------+-------+-------+-------+-------+----------------------
